 Dungeon Crawl Stone Soup version 0.25.1-2-g60ff931df9 (webtiles) character file.

Game seed: 359918643001914290

5293 JakoBeide the Spear-Bearer (level 10, -2/86 HPs)
             Began as a Minotaur Berserker on Nov 19, 2020.
             Was an Elder of Trog.
             Slain by Erica
             ... wielding a +0 scimitar of flaming
              (7 damage)
             ... on level 8 of the Dungeon.
             The game lasted 01:13:05 (7478 turns).

JakoBeide the Spear-Bearer (Minotaur Berserker)     Turns: 7478, Time: 01:13:06

Health: -2/86      AC: 14    Str: 25    XL:     10   Next: 37%
Magic:  0/9        EV:  9    Int:  5    God:    Trog [****..]
Gold:   0          SH: 10    Dex: 11    Spells: 9/9 levels left

rFire    . . .     SeeInvis .   L - +0 trident (vamp)
rCold    . . .     Gourm    .   h - +0 buckler
rNeg     + + .     Faith    .   w - +1 plate armour
rPois    .         Spirit   .   (helmet restricted)
rElec    .         Reflect  +   (no cloak)
rCorr    .         Harm     .   (no gloves)
MR       +....                  (no boots)
Stlth    ..........             u - amulet of reflection
HPRegen  0.24/turn              V - ring of positive energy
MPRegen  0.11/turn              T - ring of positive energy

@: no status effects
A: retaliatory headbutt, horns 2, magic resistance 1, strong 1, MP-powered wands
a: Berserk, Trog's Hand, Brothers in Arms, Renounce Religion


You were on level 8 of the Dungeon.
You worshipped Trog.
Trog was greatly pleased with you.
You were not hungry.

You visited 2 branches of the dungeon, and saw 9 of its levels.

Inventory:

Hand Weapons
 a - a +0 falchion
 m - a +0 hand crossbow
 r - a +0 falchion
 t - a +2 long sword of electrocution
 z - a +0 war axe
 L - a +0 vampiric trident (weapon)
Missiles
 n - 6 poisoned darts (quivered)
 o - 129 arrows
 I - 79 stones
Armour
 g - a +0 ring mail
 h - a +0 buckler (worn)
 j - a +0 ring mail
 p - a +0 ring mail
 q - a +0 helmet
 w - a +1 plate armour (worn)
Jewellery
 d - an uncursed ring of ice
 u - an amulet of reflection (around neck)
 T - a ring of positive energy (right hand)
 V - a ring of positive energy (left hand)
 X - an uncursed ring of protection from cold
Wands
 i - a wand of acid (9)
 A - a wand of polymorph (4)
 D - a wand of clouds (2)
 Y - a wand of flame (24)
Scrolls
 e - 5 scrolls of remove curse
 l - 2 scrolls of fear {unknown}
 C - a scroll of amnesia
 E - 3 scrolls of enchant armour
 H - 2 scrolls of teleportation
 K - a scroll of summoning
 W - a scroll of identify
Potions
 b - a potion of invisibility {unknown}
 f - a potion of magic
 s - 3 potions of lignification
 x - 2 potions of degeneration
 F - 2 potions of mutation
 U - 2 potions of stabbing
 Z - 2 potions of resistance
Comestibles
 c - 10 rations


   Skills:
 + Level 7.0 Fighting
 + Level 5.8 Long Blades
 * Level 9.9 Polearms
 + Level 6.2 Throwing
 + Level 8.6 Armour
 + Level 3.7 Dodging
 + Level 1.1 Stealth
 + Level 6.3 Shields
 + Level 0.7 Evocations


You had 9 spell levels left.
You didn't know any spells.
Your spell library was empty.

Dungeon Overview and Level Annotations

Branches:
Dungeon (8/15)             Temple (1/1) D:5
   Lair: D:8-11

Altars:
Cheibriados
Dithmenos
Elyvilon
Fedhas
Gozag
Hepliaklqana
Nemelex Xobeh
Okawaru
Qazlal
Ru
Sif Muna
Trog
Uskayaw
Vehumet
Wu Jian
Xom
Yredelemnul
The Shining One

Shops:
D:7 }

Annotations:
D:8 Erica


Innate Abilities, Weirdness & Mutations

You reflexively headbutt those who attack you in melee.
You have a pair of horns on your head.
You are resistant to hostile enchantments. (MR+)
Your muscles are strong. (Str +2)
You expend magic power (3 MP) to strengthen your wands.


Message History

Aiming: Corrosive Bolt
Press: ? - help, Shift-Dir - straight line You feel a surge of power!
You hit something. You headbutt something.
You hear some strange, mumbled words.
A bolt of poison appears from out of thin air!
The bolt of poison hits you!
You are more poisoned.
* * * LOW HITPOINT WARNING * * *
You feel better. Something hits you!
* * * LOW HITPOINT WARNING * * *
Something burns you.
* * * LOW HITPOINT WARNING * * *
Aiming: Polymorph
Press: ? - help, Shift-Dir - straight line You feel a slight surge of power.
Nothing appears to happen.
Something hits you but does no damage.
Your plate armour prevents you from hitting something.
Something hits you!
You die...

........ .#.# ......
.$..#.### .....#
#.......# .....###
#.......# #.(...#
#......$# #
##...).####.......#
...##.#..)(..)...$.○....#
.%.......†)...@{.°§§.>...
.........<...#..§☼.☼..#
...........<.....§☼...#
._...........#.....§.(#
.............########(#
.............# #
..≈≈......(..#
../.....≈.#### .?....≈.#


There were no monsters in sight!

Vanquished Creatures
  Harold (D:8)
  A two-headed ogre (D:8)
  The ghost of Cykl0x the Carver, a novice FoFi of the Shining One (D:7)
  Maurice (D:8)
  A wyvern (D:8)
  A hungry ghost (D:8)
  An ice beast (D:7)
  An orc warrior (D:6)
  3 phantoms
  A black bear (D:6)
  2 ogres (D:8)
  4 bullfrogs
  A wyvern skeleton (D:7)
  7 scorpions
  2 killer bees (D:7)
  4 howler monkeys
  3 crimson imps (D:5)
  A bullfrog zombie (D:6)
  A hound (D:7)
  2 bullfrog skeletons (D:6)
  A centaur skeleton (D:4)
  2 orc priests (D:5)
  Jessica (D:3)
  3 orc wizards (D:5)
  2 iguanas
  5 worker ants
  A worker ant zombie (D:5)
  4 gnolls (D:4)
  7 adders
  An ooze (D:7)
  3 worms
  10 dart slugs
  4 leopard geckos
  10 orcs
  4 giant cockroaches
  10 goblins
  7 hobgoblins
  8 jackals
  2 ball pythons
  10 bats
  7 frilled lizards
  A giant cockroach zombie (D:6)
  A jackal zombie (D:8)
  11 kobolds
  A leopard gecko zombie (D:5)
  9 rats
164 creatures vanquished.

Vanquished Creatures (collateral kills)
  The ghost of ghwc the Destroyer, a novice DECj of Vehumet (D:7)
  The ghost of chimenez the Skirmisher, a novice BaFi of Okawaru (D:7)
  The ghost of MilkNation the Cleaver, a novice MiGl of Ru (D:7)
  A wyvern (D:7)
  A killer bee (D:7)
  A worker ant (D:7)
  A giant cockroach (D:7)
7 creatures vanquished.

Grand Total: 171 creatures vanquished

Notes
Turn   | Place    | Note
-------+----------+-------------------------------------------
     0 | D:1      | JakoBeide the Minotaur Berserker began the quest for the
                  | Orb.
     0 | D:1      | Reached XP level 1. HP: 19/19 MP: 0/0
   142 | D:1      | Reached XP level 2. HP: 26/27 MP: 1/1
   453 | D:1      | Reached ** piety under Trog
   454 | D:1      | Reached XP level 3. HP: 33/33 MP: 2/2
  1416 | D:2      | Reached XP level 4. HP: 18/41 MP: 3/3
  2292 | D:3      | Noticed Jessica
  2302 | D:3      | Killed Jessica
  2302 | D:3      | Reached skill level 1 in Throwing
  2701 | D:3      | Reached XP level 5. HP: 45/47 MP: 4/4
  3137 | D:4      | Reached skill level 5 in Long Blades
  3162 | D:4      | Reached *** piety under Trog
  3196 | D:4      | Found an ornate altar of the Wu Jian Council.
  3196 | D:4      | Found a hide-covered altar of Uskayaw.
  3250 | D:4      | Found a shadowy altar of Dithmenos.
  3313 | D:4      | Reached skill level 1 in Stealth
  3313 | D:4      | Reached XP level 6. HP: 47/55 MP: 5/5
  3327 | D:4      | Found a white marble altar of Elyvilon.
  3412 | D:4      | Reached skill level 1 in Shields
  3900 | D:5      | Entered Level 5 of the Dungeon
  3960 | D:5      | Reached skill level 5 in Fighting
  4212 | D:5      | Reached XP level 7. HP: 60/61 MP: 6/6
  4244 | D:5      | Found a staircase to the Ecumenical Temple.
  4273 | Temple   | Entered the Ecumenical Temple
  4436 | D:5      | Found a sacrificial altar of Ru.
  4572 | D:5      | Found an opulent altar of Gozag.
  4649 | D:5      | Reached skill level 5 in Armour
  5049 | D:5      | Reached skill level 1 in Polearms
  5624 | D:6      | Gained mutation: Your muscles are strong. (Str +2) [potion
                  | of mutation]
  5624 | D:6      | Gained mutation: You are resistant to hostile enchantments.
                  | (MR+) [potion of mutation]
  5624 | D:6      | Gained mutation: You expend magic power (3 MP) to
                  | strengthen your wands. [potion of mutation]
  5716 | D:6      | Reached skill level 2 in Polearms
  5723 | D:6      | Reached skill level 3 in Polearms
  5772 | D:6      | Reached skill level 4 in Polearms
  5772 | D:6      | Reached XP level 8. HP: 54/68 MP: 7/7
  6474 | D:6      | Reached skill level 5 in Throwing
  6645 | D:7      | Reached skill level 5 in Polearms
  6668 | D:7      | Found Vydug's Gadget Shoppe.
  6700 | D:7      | Reached **** piety under Trog
  6700 | D:7      | Reached skill level 6 in Polearms
  6782 | D:7      | Reached XP level 9. HP: 53/75 MP: 8/8
  6783 | D:7      | Reached skill level 7 in Polearms
  6932 | D:7      | Found a runed translucent gate.
  6932 | D:7      | Found a runed translucent gate.
  6933 | D:7      | Found a runed translucent gate.
  6934 | D:7      | Noticed Cykl0x's ghost (novice FoFi)
  6934 | D:7      | Noticed MilkNation's ghost (novice MiGl)
  6935 | D:7      | Noticed ghwc's ghost (novice DECj)
  6935 | D:7      | Noticed chimenez's ghost (novice BaFi)
  7220 | D:7      | Killed chimenez's ghost
  7224 | D:7      | Killed ghwc's ghost
  7228 | D:7      | Killed MilkNation's ghost
  7228 | D:7      | Reached skill level 8 in Polearms
  7229 | D:7      | Killed Cykl0x's ghost
  7377 | D:8      | Noticed Harold
  7377 | D:8      | Noticed Maurice
  7389 | D:8      | Reached skill level 9 in Polearms
  7399 | D:8      | Killed Harold
  7399 | D:8      | Reached skill level 5 in Shields
  7399 | D:8      | Reached XP level 10. HP: 77/84 MP: 1/9
  7401 | D:8      | Noticed a two-headed ogre
  7403 | D:8      | Found a snail-covered altar of Cheibriados.
  7421 | D:8      | Killed a two-headed ogre
  7453 | D:8      | Noticed Erica
  7457 | D:8      | Killed Maurice
  7478 | D:8      | Slain by Erica

Illustrated notes

Levels and vault maps discovered:
D:1:      minmay_arrival_loop, layout_basic, hangedman_feature_mirror,
          chequers_big_river
D:2:      layout_basic, corexii_shack
D:3:      layout_basic, first_ration, uniq_jessica
D:4:      layout_rooms, lemuel_coloured_pillars_altar, lemuel_crystal_altar,
          grunt_temple_overflow_open, kennysheep_small_square
D:5:      kennysheep_slugbush, layout_gridville, grunt_gozag_breadcrumbs,
          temple_fountains, kennysheep_another_room, hangedman_ru_absence
D:6:      layout_basic, minmay_microvault
D:7:      layout_gridville, serial_shops, nicolae_shop_statue_plus,
          gammafunk_ghost_cemetery
D:8:      layout_basic, cheibriados_altar_1, serial_shops, shop, serial_glass,
          glass_columns_a, glass_columns_b, basic_altar, uniq_harold,
          uniq_maurice, uniq_erica
Temple:   minmay_temple_bridge_abc

Skill      XL: |  1  2  3  4  5  6  7  8  9 10 |
---------------+-------------------------------+-----
Fighting       | 4 5 6 7 |  7.0
Long Blades    | 4 5 |  5.8
Dodging        | 3 |  3.7
Throwing       | 1 2 3 4 5 6 |  6.2
Armour         | 3 4 5 6 7 8 |  8.6
Stealth        | 1 |  1.1
Shields        | 1 2 3 5 6 |  6.3
Polearms       | 4 6 9 |  9.9
Evocations     | |  0.7

Action                   |  1- 3 |  4- 6 |  7- 9 | 10-12 || total
-------------------------+-------+-------+-------+-------++-------
Melee: Falchion          |    76 |   111 |    31 |       ||   218
       Headbutt          |    11 |    21 |    45 |     7 ||    84
       Trident           |       |       |   173 |    35 ||   208
Throw: Dart              |    26 |   110 |    72 |     7 ||   215
       Stone             |       |       |     2 |       ||     2
Invok: Trog's Hand       |       |       |     2 |       ||     2
       Berserk           |       |       |     3 |       ||     3
       Brothers in Arms  |       |       |     2 |       ||     2
Evoke: Wand              |       |       |     3 |     4 ||     7
  Use: Potion            |       |     7 |     4 |     3 ||    14
       Scroll            |       |     7 |     6 |     1 ||    14
  Eat: Ration            |     1 |     2 |     4 |     2 ||     9
       Chunk             |       |     1 |     1 |       ||     2
Armor: Animal skin       |    22 |     1 |       |       ||    23
       Plate armour      |       |    63 |   158 |    35 ||   256
       Ring mail         |       |    10 |       |       ||    10
Dodge: Dodged            |    59 |    44 |    77 |    18 ||   198
Block: Buckler           |     5 |    30 |   118 |    28 ||   181
       Reflection        |       |     2 |     2 |     1 ||     5
       Rpst.: Falchion   |    12 |     8 |     1 |       ||    21
